 Dungeon Crawl Stone Soup version 0.19-a0-459-gb8ed64d (webtiles) character file.

535 Skanax the Grave Robber (level 7, -19/46 HPs)
             Began as a Demonspawn Necromancer on June 2, 2016.
             Demolished by an ogre
             ... wielding a +0 giant club
              (27 damage)
             ... on level 5 of the Dungeon.
             The game lasted 00:29:11 (3819 turns).

Skanax the Grave Robber (Demonspawn Necromancer)    Turns: 3819, Time: 00:29:13

Health: -19/46     AC:  5    Str:  8    XL:     7   Next: 4%
Magic:  0/14       EV: 13    Int: 18    God:
Gold:   156        SH:  0    Dex: 16    Spells: 4 memorised, 6 levels left

rFire  . . .     SeeInvis .     g - +1 short sword (speed)
rCold  . . .     Gourm    .     a - +2 robe
rNeg   . . .     Faith    .     (no shield)
rPois  .         Spirit   .     (no helmet)
rElec  .         Dismiss  .     (no cloak)
rCorr  .         Reflect  .     (no gloves)
SustAt .         Harm     .     (no boots)
MR     .....                    f - amulet of magic regeneration
Stlth  ++........               (no ring)
                                (no ring)

@: regenerating, not resistant to hostile enchantments, unstealthy
A: claws 1, icy blue scales 1, agile 1, rot immunity
a: no special abilities


You were on level 5 of the Dungeon.
You were not hungry.

You visited 1 branch of the dungeon, and saw 5 of its levels.

You collected 156 gold pieces.

Inventory:

Hand Weapons
 d - a +0 dagger
 g - a +1 short sword of speed (weapon)
 s - a +0 blowgun
Missiles
 e - 46 poisoned needles
 h - 105 stones (quivered)
 m - 21 sling bullets
 o - 40 bolts
 r - 39 arrows
Armour
 a - a +2 robe (worn)
Jewellery
 f - an amulet of magic regeneration (around neck)
Scrolls
 k - 2 scrolls of random uselessness
 l - 2 scrolls of teleportation
 t - 2 scrolls of identify
Potions
 i - 3 potions of curing
 p - a potion of agility
 u - a potion of might
Books
 b - a book of Necromancy

   Spells                             Type                      Level
   a - Pain                           Necromancy                   1
   b - Animate Skeleton               Necromancy                   1
   c - Vampiric Draining              Necromancy                   3
   d - Regeneration                   Charms/Necromancy            3
   e - Animate Dead                   Necromancy                   4
   f - Control Undead                 Necromancy                   4
 n - a book of Summonings

   Spells                             Type                      Level
   a - Recall                         Summoning/Translocation      3
   b - Aura of Abjuration             Summoning                    5
   c - Summon Demon                   Summoning                    5
   d - Summon Forest                  Summoning/Translocation      5
   e - Summon Mana Viper              Hexes/Summoning              5
   f - Shadow Creatures               Summoning                    6
Comestibles
 c - 3 bread rations
 j - 2 beef jerkies


   Skills:
 + Level 0.1 Short Blades
 + Level 1.0 Throwing
 + Level 2.3 Dodging
 + Level 2.1 Stealth
 + Level 4.7 Spellcasting
 + Level 0.1 Charms
 + Level 7.0 Necromancy


You had 6 spell levels left.
You knew the following spells:

 Your Spells              Type           Power        Failure   Level  Hunger
a - Pain                  Necr           ####         1%          1    None
b - Animate Skeleton      Necr           N/A          1%          1    None
c - Regeneration          Chrm/Necr      ###.......   12%         3    ###....
d - Animate Dead          Necr           N/A          10%         4    ####...


Dungeon Overview and Level Annotations

Branches:
Dungeon (5/15)
 Temple: D:4-7

Altars:
Ashenzari
Cheibriados
Fedhas
Okawaru


Innate Abilities, Weirdness & Mutations

You have sharp fingernails.
You are partially covered in icy blue scales. (AC +1)
You are immune to rotting.
You are agile. (Dex +2)


Message History

Aim: an ogre, wielding a giant club (almost dead, chance to defeat MR: 84%)
The ogre convulses in agony!
Your howler monkey zombie closely misses the crimson imp.
Your howler monkey zombie bites the crimson imp but does no damage.
The crimson imp hits you.
* * * LOW HITPOINT WARNING * * *
The ogre closely misses you.
Casting: Pain
Confirm with . or Enter, or press ? or * to list all spells.
Aiming: Pain
Press: ? - help, Shift-Dir - straight line, f/p - ogre
Aim: an ogre, wielding a giant club (almost dead, chance to defeat MR: 84%)
The ogre convulses in agony!
Your howler monkey zombie hits the crimson imp.
Your howler monkey zombie bites the crimson imp but does no damage.
The crimson imp hits you.
* * * LOW HITPOINT WARNING * * *
The ogre hits you with a giant club!!
Ouch! That really hurt!
You die...

#.....# ... #.....#
... ##.##.# #.#
#.##.# #.##### #.##.#
#.#...# #<##.##
#.#...#
#.##..###.#...###.##.
#.###................
#.# #####.#.@.###.#.#
#.# #.#5O.##....# #.#
#.#.Z..#..# #.#
#.#.......### #.#
#.#...†.....)
#.###.....###
).##..##.(# #.## ..#
#. #.#


You could see an ogre, a crimson imp and a friendly howler monkey zombie.

Vanquished Creatures
  An ogre (D:4)
  2 howler monkeys
  An orc priest (D:4)
  5 orc wizards
  A worker ant (D:4)
  11 adders
  An ooze (D:4)
  5 giant geckos
  7 orcs
  2 giant cockroaches
  12 goblins
  7 hobgoblins
  8 jackals
  2 quokkas
  A ball python (D:1)
  5 bats
  2 giant gecko skeletons
  2 giant newts
  11 kobolds
  10 rats
96 creatures vanquished.

Vanquished Creatures (collateral kills)
  A hound (D:4)
  An adder (D:4)
  A giant gecko (D:1)
  3 orcs
  A hobgoblin (D:2)
  A jackal (D:1)
  A bat (D:2)
  A kobold (D:3)
  2 rats
12 creatures vanquished.

Grand Total: 108 creatures vanquished

Notes
Turn   | Place    | Note
--------------------------------------------------------------
     0 | D:1      | Skanax the Demonspawn Necromancer began the quest for the Orb.
     0 | D:1      | Reached XP level 1. HP: 13/13 MP: 3/3
     2 | D:1      | Learned a level 1 spell: Animate Skeleton
   275 | D:1      | Gained mutation: You are partially covered in icy blue scales. (AC +1) [demonic ancestry]
   275 | D:1      | Reached XP level 2. HP: 17/19 MP: 1/5
   462 | D:1      | Reached skill level 5 in Necromancy
  1159 | D:2      | Reached XP level 3. HP: 22/24 MP: 2/6
  1164 | D:2      | Learned a level 3 spell: Regeneration
  1545 | D:2      | Gained mutation: You have sharp fingernails. [demonic ancestry]
  1545 | D:2      | Reached XP level 4. HP: 20/30 MP: 3/7
  2043 | D:3      | Gained mutation: You are agile. (Dex +2) [potion of beneficial mutation]
  2240 | D:3      | Found a snail-covered altar of Cheibriados.
  2333 | D:3      | Gained mutation: You are immune to rotting. [demonic ancestry]
  2333 | D:3      | Reached XP level 5. HP: 13/35 MP: 0/9
  2421 | D:3      | Learned a level 4 spell: Animate Dead
  2478 | D:3      | Found a blossoming altar of Fedhas.
  2478 | D:3      | Found a shattered altar of Ashenzari.
  2663 | D:3      | Reached skill level 6 in Necromancy
  3011 | D:4      | Found an iron altar of Okawaru.
  3221 | D:4      | Noticed an ogre
  3238 | D:4      | Killed an ogre
  3238 | D:4      | Reached XP level 6. HP: 36/41 MP: 9/11
  3650 | D:4      | Reached skill level 1 in Throwing
  3737 | D:5      | Entered Level 5 of the Dungeon
  3761 | D:5      | Reached skill level 7 in Necromancy
  3761 | D:5      | Reached XP level 7. HP: 40/46 MP: 9/14
  3819 | D:5      | Demolished by an ogre

Vault maps used:
D:1:      dpeg_arrival_central
D:3:      marbit_many_paths, gammafunk_temple_overflow_elements, first_bread,
          serial_glass, glass_columns_a, glass_columns_b, hangedman_decor_push
D:4:      kennysheep_little_box
D:5:      grunt_dithmenos_smoke, minmay_temple_entry_statues_pillars,
          minivault_23, uniq_eustachio

Skill      XL: |  1  2  3  4  5  6 |
---------------+-------------------+-----
Necromancy     | 5 6 7 |  7.0
Stealth        | 2 |  2.1
Dodging        | 2 |  2.3
Spellcasting   | 3 4 |  4.7
Throwing       | 1 |  1.0
Short Blades   | |  0.1
Charms         | |  0.1

Action                   |  1- 3 |  4- 6 |  7- 9 || total
-------------------------+-------+-------+-------++-------
Melee: Short sword       |    11 |    47 |    22 ||    80
Throw: Stone             |     8 |     1 |       ||     9
       Tomahawk          |       |    18 |       ||    18
 Cast: Pain              |    56 |   114 |    16 ||   186
       Animate Skeleton  |    19 |    19 |       ||    38
       Animate Dead      |       |    17 |     1 ||    18
       Regeneration      |       |     4 |     3 ||     7
  Use: Scroll            |     6 |     4 |       ||    10
       Potion            |       |     6 |       ||     6
  Eat: Chunk             |     1 |     1 |       ||     2
       Bread ration      |     1 |     1 |       ||     2
       Meat ration       |       |     1 |       ||     1
Armor: Robe              |     7 |    24 |     9 ||    40
Dodge: Dodged            |    32 |    29 |    25 ||    86
